 Dungeon Crawl Stone Soup version 0.31.0-12-g77e489cdc1 (webtiles) character file.

Game seed: 7180811145120885307

1137 Killerpretzel the Changeling (level 8, -1/54 HPs)
             Began as an Octopode Shapeshifter on Mar 5, 2024.
             Was a Follower of Vehumet.
             Slain by an ice beast (10 damage)
             ... on level 5 of the Dungeon.
             The game lasted 00:08:39 (4409 turns).

Killerpretzel the Changeling (OpSh)                 Turns: 4409, Time: 00:08:39

Health: -1/54      AC:  1    Str: 13    XL:     8   Next: 36%
Magic:  8/8        EV: 14    Int: 13    God:    Vehumet [*.....]
Gold:   278        SH:  0    Dex: 13    Spells: 7/7 levels left

rFire   . .          .
                       - Unarmed
rCold   . . .        (no shield)
rNeg    + . .        (helmet currently unavailable)
rPois   +            (no amulet)
rElec   .            d - ring of positive energy
rCorr   .            m - ring of poison resistance
SInv    .            (no ring)
Will    .....        (no ring)
Stlth   ++           (no ring)
HPRegen 0.29/turn    (no ring)
MPRegen 0.11/turn    (no ring)
                     (no ring)

%: no passive effects
@: beast-form
A: beast (slay +3), almost no armour, amphibious, 8 rings, camouflage 1,
gelatinous body 1, (nimble swimmer 1), tentacles
a: Begin Untransformation, Renounce Religion


You were on level 5 of the Dungeon.
You worshipped Vehumet.
Vehumet was aware of your devotion.
You were a hulking beast.
You visited 1 branch of the dungeon, and saw 5 of its levels.

You collected 278 gold pieces.

Inventory:

Jewellery
 d - a ring of positive energy (left tentacle)
 m - a ring of poison resistance (right tentacle)
Talismans
 b - a beast talisman
 c - a flux talisman
Wands
 p - a wand of flame (22)
Scrolls
 f - a scroll of identify
 g - 2 scrolls of teleportation
 i - a scroll of fear
 k - a scroll of amnesia
 l - a scroll of revelation {unknown}
 o - 3 scrolls of vulnerability
Potions
 a - a potion of lignification
 e - a potion of curing
 h - 2 potions of magic
 j - a potion of haste {unknown}
 n - 2 potions of mutation {unknown}
 q - a potion of enlightenment {unknown}


   Skills:
 + Level 4.2 Fighting
 + Level 4.6 Dodging
 + Level 5.2 Unarmed Combat
 * Level 6.3 Shapeshifting


You had 7 spell levels left.
You didn't know any spells.
Your spell library contained the following spells:

 Spells                   Type           Power      Damage    Failure   Level
 Sting                    Conj/Alch      0%         1d3       30%         1
 Freeze                   Ice            0%         1d3       30%         1
 Dazzling Flash           Conj/Hex       0%         N/A       67%         3
 Frozen Ramparts          Ice            0%         1d1       67%         3
 Hailstorm                Conj/Ice       0%         3d5       67%         3
 Mephitic Cloud           Conj/Alch/Air  0%         N/A       67%         3
 Brom's Barrelling Bould  Conj/Erth      0%         2d3       97%         4
 Manifold Assault         Tloc           0%         N/A       97%         4
 Curse of Agony           Necr           0%         N/A       100%        5
 Fireball                 Conj/Fire      0%         3d3       100%        5
 Iskenderun's Battlesphe  Conj           0%         2d6       100%        5
 Silence                  Hex/Air        0%         N/A       100%        5
 Conjure Ball Lightning   Conj/Air       0%         3x3d6     100%        6
 Dispersal                Tloc           0%         N/A       100%        6
 Orb of Destruction       Conj           0%         9d5       100%        7
 Disjunction              Tloc           0%         N/A       100%        8


Dungeon Overview and Level Annotations

Branches:
Dungeon (5/15)
 Temple: D:4-7

Altars:
Fedhas
Qazlal
Vehumet
Zin
The Shining One

Shops:
D:3 *   D:5 !


Innate Abilities, Weirdness & Mutations

You are a hulking beast.
Your limbs bulge with bestial killing power. (Slay +3)
You cannot wear most types of armour.
You are amphibious.
You can wear up to eight rings at the same time.
Your skin changes colour to match your surroundings (Stealth+).
Your rubbery body absorbs attacks. (AC +1, EV +1)
((You are camouflaged when in or above water. (Stealth+)))
You have tentacles for arms and can constrict up to eight enemies at once.


Message History

No target in view!
No target in view!
No target in view!
No target in view!
An ice beast comes into view.
The ice beast closely misses you.
You bludgeon the ice beast!
The ice beast is moderately wounded.
The ice beast closely misses you.
You tentacle-slap the ice beast.
The ice beast is heavily wounded.
The ice beast closely misses you.
You tentacle-slap the ice beast.
The ice beast is heavily wounded.
The ice beast hits you. The ice beast freezes you!
You barely miss the ice beast.
The ice beast is heavily wounded.
The ice beast hits you. The ice beast freezes you!
You tentacle-slap the ice beast but do no damage.
Your squeeze misses the ice beast.
The ice beast is heavily wounded.
The ice beast hits you. The ice beast freezes you!
You closely miss the ice beast.
The ice beast is heavily wounded.
The ice beast hits you. The ice beast freezes you!
* * * LOW HITPOINT WARNING * * *
You tentacle-slap the ice beast.
You squeeze the ice beast, but do no damage.
The ice beast is heavily wounded.
The ice beast closely misses you.
You feel better. The ice beast barely misses you.
You tentacle-slap the ice beast.
You squeeze the ice beast, but do no damage.
The ice beast is severely wounded.
You barely miss the ice beast. Your squeeze misses the ice beast.
The ice beast is severely wounded.
The ice beast hits you.
* * * LOW HITPOINT WARNING * * *
The ice beast freezes you!
You die...

#.##§.≈§§§≈.≈##.##### #####
#.##≈.≈._.§.§#.......
#...#########.##≈.§...≈.§########
..........).)..#≈..≈≈≈..§#
...#############.≈≈≈≈≈≈≈.#
.♣....(........#.........#
.♣.......# #..#########..
.♣....... #.#.# ### .♣..##.####
#.#h# ## ###
............>...Y....... .....
....##.#####.#.#.####### #. ##
.P......†....#...# ####.##
.P..##.#####.....# #8....#
.P...#.# ...###.## #.....##
.P...#.# #..#.#..# ##..>.)..
.[...#.# #.#. .#.# #........
....)#.# #..# #..# #.....∩..


You could see an ice beast.

Vanquished Creatures
  Grinder (D:3)
  Duvessa (D:5)
  A black bear (D:5)
  An ogre (D:4)
  A scorpion (D:5)
  Dowan (D:5)
  3 wights (D:4)
  A bombardier beetle (D:5)
  2 hounds
  A gnoll bouda (D:4)
  4 iguanas
  Ijyb (D:4)
  6 gnolls
  3 adders
  A dart slug (D:2)
  2 ribbon worms (D:3)
  4 orcs (D:3)
  7 ball pythons
  6 bats
  3 endoplasms
  A giant cockroach (D:4)
  4 goblins
  6 hobgoblins
  5 quokkas
  2 frilled lizards
  9 kobolds
  5 rats
82 creatures vanquished.

Notes
Turn   | Place    | Note
-------+----------+-------------------------------------------
     0 | D:1      | Killerpretzel the Octopode Shapeshifter began the quest for
                  | the Orb.
     0 | D:1      | Reached XP level 1. HP: 13/13 MP: 1/1
   266 | D:1      | Reached XP level 2. HP: 18/18 MP: 2/2
   818 | D:2      | Reached XP level 3. HP: 23/23 MP: 3/3
  1680 | D:3      | Noticed Grinder
  1695 | D:3      | Killed Grinder
  1696 | D:3      | Reached skill level 4 in Shapeshifting
  1696 | D:3      | Reached XP level 4. HP: 17/30 MP: 4/4
  1696 | D:3      | Reached XP level 5. HP: 20/35 MP: 5/5
  1696 | D:3      | Reached XP level 6. HP: 23/41 MP: 6/6
  1904 | D:3      | Found a faded altar of an unknown god.
  2075 | D:3      | Found Isaymp's Assorted Antiques.
  2895 | D:4      | Found a radiant altar of Vehumet.
  2902 | D:4      | Became a worshipper of Vehumet
  3057 | D:4      | Reached skill level 5 in Shapeshifting
  3178 | D:4      | Reached XP level 7. HP: 20/46 MP: 7/7
  3582 | D:4      | Noticed Ijyb
  3591 | D:4      | Killed Ijyb
  3803 | D:5      | Entered Level 5 of the Dungeon
  3880 | D:5      | Reached XP level 8. HP: 47/54 MP: 8/8
  3982 | D:5      | Found Inaeschi's Distillery.
  4144 | D:5      | Reached skill level 5 in Unarmed Combat
  4144 | D:5      | Reached skill level 6 in Shapeshifting
  4195 | D:5      | Found a glowing silver altar of Zin.
  4199 | D:5      | Found a stormy altar of Qazlal.
  4209 | D:5      | Found a blossoming altar of Fedhas.
  4288 | D:5      | Noticed Dowan
  4289 | D:5      | Noticed Duvessa
  4310 | D:5      | Killed Duvessa
  4310 | D:5      | Reached * piety under Vehumet
  4310 | D:5      | Offered knowledge of Sting by Vehumet.
  4312 | D:5      | Killed Dowan
  4350 | D:5      | Found a glowing golden altar of the Shining One.
  4409 | D:5      | Slain by an ice beast

Illustrated notes

Levels and vault maps discovered:
D:1:      dpeg_arrival_tiny_d, layout_basic
D:2:      layout_loops_corners, minmay_misc_feat_pillars,
          chequers_serial_rivers_micro_c, serial_park_tiny_pond
D:3:      layout_loops_ring, serial_rivers, chequers_serial_rivers_room_b,
          chequers_serial_rivers_micro_c, chequers_serial_rivers_room_a,
          chequers_serial_rivers_large_a, chequers_ecumenical_altar_simple,
          serial_shops, shop, corexii_item_surrounded_by_moat,
          hangedman_decor_diamond_cutter, uniq_grinder
D:4:      layout_gridville, nicolae_vehumet_radiance, uniq_ijyb
D:5:      layout_basic, mainiacjoe_overflow_boulevard,
          mainiacjoe_overflow_paths, nicolae_overflow_hidden_temple,
          serial_shops, nicolae_stop_n_shop_1, shop, grunt_ministairs_3,
          grunt_decor_one_mirror, nicolae_grassy_gnolls, uniq_duvessa,
          uniq_blork_the_orc, uniq_prince_ribbit1

Skill      XL: |  1  2  3  4  5  6  7  8 |
---------------+-------------------------+-----
Fighting       | 2 3 4 |  4.2
Dodging        | 3 4 |  4.6
Unarmed Combat | 4 5 |  5.2
Shapeshifting  | 4 5 6 |  6.3

Action                     |  1- 3 |  4- 6 |  7- 9 || total
---------------------------+-------+-------+-------++-------
  Melee: Unarmed           |    74 |    67 |    70 ||   211
         Tentacles         |    15 |    17 |    17 ||    49
         Constrict         |    19 |    18 |    13 ||    50
         Punch             |     1 |     2 |     8 ||    11
    Use: Scroll            |     7 |     4 |     2 ||    13
         Potion            |       |       |     3 ||     3
   Stab: Sleeping          |     4 |     3 |     2 ||     9
 Armour: Skin              |    32 |    23 |    42 ||    97
  Dodge: Dodged            |    54 |    51 |    39 ||   144
